 Dungeon Crawl Stone Soup version 0.17-a0-1718-g72dbe4d (webtiles) character file.

180680 kae the Minotaur Blade (level 17, -10/158 HPs)
             Began as a Minotaur Fighter on Aug 26, 2015.
             Was the Champion of Qazlal.
             Killed from afar by a greater naga (24 damage)
             ... with a poison arrow
             ... on level 3 of the Snake Pit.
             The game lasted 01:19:00 (40467 turns).

kae the Minotaur Blade (Minotaur Fighter)          Turns: 40467, Time: 01:19:00

Health: -10/158    AC: 29    Str: 24    XL:     17   Next: 65%
Magic:  3/28       EV:  5    Int:  7    God:    Qazlal [******]
Gold:   519        SH:  8    Dex: 15    Spells: 0 memorised, 16 levels left

rFire  + . .     SeeInvis .     a - +2 triple sword (slice)
rCold  + . .     Clarity  .     s - +4 plate armour "Rokoek" {rCorr Dex+3}
rNeg   + + .     SustAt   .     (no shield)
rPois  .         Gourm    .     A - -2 hat of the Alchemist {rElec rPois rF+ rC+ rN+ MR+ rMut rCorr}
rElec  +         Spirit   .     M - +0 cloak
rCorr  +         Warding  +     (no gloves)
rMut   +         Stasis   .     q - +2 pair of boots {Stlth+}
MR     ++...                    I - amulet of warding
Stlth  ..........               X - ring of poison resistance
                                j - +3 ring of slaying

@: lethally poisoned (-10 -> -21), poison vulnerable, protected from physical
damage, constricted, repel missiles, very resistant to hostile enchantments,
extremely unstealthy
A: retaliatory headbutt, horns 2, thin metallic scales 1
a: Upheaval, Elemental Force, Disaster Area, Renounce Religion


You were on level 3 of the Snake Pit.
You worshipped Qazlal.
Qazlal was exalted by your worship.
You were very hungry.

You visited 5 branches of the dungeon, and saw 31 of its levels.
You also visited: Bailey and Volcano.

You collected 2710 gold pieces.
You spent 2191 gold pieces at shops.

Inventory:

Hand weapons
 a - a +2 triple sword of slicing (weapon)
 b - a +1 scimitar of flaming
Missiles
 w - 2 throwing nets (quivered)
Armour
 p - a +10 plate armour of ponderousness
 q - a +2 pair of boots of stealth (worn)
 s - the +4 plate armour "Rokoek" (worn) {rCorr Dex+3}
   (You found it on level 2 of the Snake Pit)

   It affects your dexterity (+3).
   It protects you from acid and corrosion.
 A - the -2 hat of the Alchemist (worn) {rElec rPois rF+ rC+ rN+ MR+ rMut rCorr}
   (You bought it in a shop on level 11 of the Dungeon)

   It protects you from fire.
   It protects you from cold.
   It insulates you from electricity.
   It protects you from poison.
   It protects you from negative energy.
   It affects your resistance to hostile enchantments.
   It protects you from acid and corrosion.
   It protects you from mutation.
 M - a +0 cloak (worn)
 V - a +2 fire dragon armour
 Y - a +1 scale mail of cold resistance
Jewellery
 j - a +3 ring of slaying (left hand)
 m - an uncursed ring of sustain attributes
 n - an uncursed ring of positive energy
 H - an uncursed ring of wizardry {unknown}
 I - an amulet of warding (around neck)
 N - an uncursed amulet of regeneration {unknown}
 X - a ring of poison resistance (right hand)
Magical devices
 c - a wand of hasting (2)
 d - a wand of digging (16)
 f - a wand of teleportation (6)
 h - a wand of paralysis (15)
 r - a wand of disintegration (4)
 y - a wand of confusion (14)
 E - a wand of random effects (32)
Scrolls
 g - 10 scrolls of identify
 i - 8 scrolls of teleportation
 l - 10 scrolls of remove curse
 o - a scroll of fog
 v - 10 scrolls of fear
 C - a scroll of amnesia
Potions
 k - a potion of cancellation
 t - 5 potions of flight
 u - 2 potions of haste
 x - 3 potions of curing
 z - 4 potions of brilliance
 B - a potion of might
 D - 3 potions of invisibility
 F - 5 potions of berserk rage
 G - 6 potions of ambrosia
 J - a potion of lignification
 Q - 2 potions of magic
 T - a potion of resistance
 Z - 2 potions of cure mutation
Comestibles
 e - 15 bread rations
 K - a meat ration
 L - 5 fruits


   Skills:
 - Level 16.1 Fighting
 + Level 22.4 Long Blades
 - Level 15.0 Armour
   Level 3.6 Shields
 - Level 16.4 Invocations


You had 16 spell levels left.
You didn't know any spells.

Dungeon Overview and Level Annotations

Branches:
Dungeon (15/15)            Temple (1/1) D:7            Lair (8/8) D:10
  Swamp (0/4) Lair:3        Snake (3/4) Lair:6        Slime (0/6) Lair:7
    Orc (4/4) D:11            Elf (0/3) Orc:4        Vaults (0/5) D:13
 Depths (0/5) D:15

Altars:
Ashenzari
Cheibriados
Dithmenos
Elyvilon
Fedhas
Gozag
Kikubaaqudgha
Makhleb
Nemelex Xobeh
Okawaru
Qazlal
Ru
Sif Muna
Trog
Vehumet
Xom
Yredelemnul
Zin
The Shining One
Beogh

Shops:
D:10 =   D:11 [   D:13 %   D:15 !   Orc:4 *?}?

Annotations:
Orc:3 exclusion: door


Innate Abilities, Weirdness & Mutations

You reflexively headbutt those who attack you in melee.
You have a pair of horns on your head.
You are partially covered in thin metallic scales (AC +2).


Message History

Unknown command.
Drink which item? (? for menu, Esc to quit)
Okay, then.
Evoke which item? (* to show all) (? for menu, Esc to quit)
Okay, then.
Unknown command.
Read which item? (? for menu, Esc to quit)
As you read the scroll of fear, it crumbles to dust.
You assume a fearsome visage.
The greater naga resists with almost no effort.
The greater naga mumbles some strange words.
The greater naga seems to speed up.
The greater naga constricts you.
Unknown command.
Unknown command.
Drink which item? (? for menu, Esc to quit)
You feel better. The greater naga casts a spell at you.
The poison arrow hits you!
You are poisoned.
You die...

##......#
##......#
##......#
##...)))#
##......##
#}.§).)## .
##..§.)## .#
##...§.†N###...
#.....§§@.(..#
........(§.#.#
.......§§§## #
.........<#
......##.##
...... #>.
...... ##. ....
#. #.. #


You could see a greater naga.

Vanquished Creatures
  Vashnia (Snake:2)
  Rupert (Lair:7)
  A sphinx (D:14)
  Agnes (D:13)
  Kirke (D:13)
  A tengu reaver (D:14)
  5 greater nagas (Snake:2)
  Maud (Lair:3)
  A frost giant (D:15)
  Louise (D:15)
  An orc warlord (Orc:3)
  Nessos (Orc:3)
  The ghost of kae the Carver, a powerful MiFi of Qazlal (Lair:2)
  Josephine (Orc:4)
  An ogre mage (D:15)
  Fannar (Orc:1)
  A rakshasa (D:14)
  12 hydras
  10 naga warriors
  8 anacondas
  Erica (Lair:1)
  A deep troll shaman (Lair:8)
  2 dancing weapons (D:12)
  A catoblepas (Lair:8)
  A deep troll earth mage (D:14)
  2 tengu warriors
  A queen ant (Lair:8)
  4 orc high priests (Orc:4)
  12 death yaks
  7 shock serpents
  7 centaur warriors
  6 naga sharpshooters
  Nergalle (Lair:1)
  A fire crab (Lair:7)
  The ghost of 4thArraOfDagon the Gusty, an experienced CeAE of Ashenzari (D:9)
  11 skeletal warriors
  7 sea snakes (Snake:2)
  A salamander mystic (Snake:2)
  4 naga ritualists
  A lindwurm (Lair:8)
  An orc knight (Bailey)
  6 mana vipers
  A phantasmal warrior (D:14)
  5 hill giants
  2 griffons
  An oklob plant (Lair:7)
  2 orc sorcerers
  12 ugly things
  A wolf spider (Orc:3)
  4 manticores
  6 naga magi
  21 black mambas
  3 cyclopes
  15 elephants
  5 salamanders
  3 centaur zombies
  Maurice (D:11)
  Joseph (Lair:1)
  22 spiny frogs
  3 gargoyles
  2 torpor snails (Lair:6)
  A molten gargoyle (Volcano)
  A guardian serpent (Snake:2)
  A kobold demonologist (D:15)
  2 yaktaurs
  2 efreet (D:15)
  2 fire drakes
  6 two-headed ogres
  A redback zombie (D:14)
  6 komodo dragons
  8 blink frogs
  3 polar bears
  8 trolls
  A tengu conjurer (D:15)
  3 freezing wraiths (D:14)
  A boulder beetle (Lair:6)
  A harpy skeleton (D:14)
  A trapdoor spider zombie (D:9)
  9 slime creatures
  Sigmund (D:4)
  3 deep elf magi
  38 yaks
  9 wraiths
  2 tarantellas (Orc:3)
  2 fire elementals (Volcano)
  A spriggan (shapeshifter) (D:15)
  A spriggan (D:14)
  3 hogs
  A wyvern (D:9)
  2 hungry ghosts
  5 basilisks
  A steam dragon (D:9)
  24 wolves
  Menkaure (D:4)
  A mottled dragon (D:14)
  7 hippogriffs
  20 nagas
  5 vampire mosquitoes
  4 wargs
  22 soldier ants
  A wasp (D:8)
  6 porcupines
  3 sky beasts
  A spider (Orc:3)
  5 ice beasts
  24 ogres
  35 orc warriors
  3 black bears
  15 water moccasins
  2 necrophages
  8 phantoms
  10 centaurs
  15 crocodiles
  3 big kobolds
  23 giant frogs
  An earth elemental (Volcano)
  A gnoll sergeant (D:8)
  2 wyvern skeletons (D:14)
  11 killer bees
  6 scorpions
  7 wights
  6 electric eels
  3 giant frog zombies
  7 crimson imps
  3 jellies
  A gnoll shaman (D:5)
  A quasit (D:13)
  50 orc priests
  57 orc wizards
  5 centaur skeletons
  7 hounds
  4 giant frog skeletons
  25 worker ants
  2 hell rats (Lair:6)
  10 iguanas
  A killer bee zombie (D:9)
  26 sheep
  A hound zombie (D:10)
  2 hound skeletons
  2 worker ant zombies (D:10)
  23 gnolls
  74 river rats
  12 adders
  2 shadow imps
  12 white imps (D:15)
  3 oozes
  2 adder skeletons
  An adder zombie (D:6)
  4 worms
  5 giant geckos
  232 orcs
  3 ball pythons
  7 bats
  3 giant cockroaches (D:1)
  14 goblins
  10 hobgoblins
  16 jackals
  34 kobolds
  A giant gecko skeleton (D:5)
  11 giant newts
  3 quokkas
  4 rats
  2 bushes (Lair:7)
  A fire vortex (Volcano)
  65 fungi
  54 plants
  A toadstool (D:1)
1444 creatures vanquished.

Vanquished Creatures (collateral kills)
  A centaur zombie (D:13)
  2 wights (D:13)
  A jelly (D:13)
  An orc (D:13)
5 creatures vanquished.

Vanquished Creatures (others)
  The ghost of Uberwunderbarhen the Thaumaturge, a powerful DEFE of Sif Muna (Lair:2)
  A human (D:14)
  An adder (D:12)
  2 orcs
  A bush (Lair:2)
  22 fungi
  29 plants
  3 toadstools (D:1)
60 creatures vanquished.

Grand Total: 1509 creatures vanquished

Notes
Turn   | Place    | Note
--------------------------------------------------------------
     0 | D:1      | kae the Minotaur Fighter began the quest for the Orb.
     0 | D:1      | Reached XP level 1. HP: 19/19 MP: 0/0
   136 | D:1      | Reached XP level 2. HP: 26/26 MP: 1/1
   325 | D:1      | Reached skill level 4 in Long Blades
   418 | D:1      | Reached XP level 3. HP: 31/31 MP: 2/2
   928 | D:2      | Reached skill level 5 in Long Blades
   934 | D:2      | Reached XP level 4. HP: 20/39 MP: 3/3
  1728 | D:3      | Reached skill level 6 in Long Blades
  2010 | D:2      | Reached XP level 5. HP: 34/45 MP: 4/4
  2102 | D:2      | Reached skill level 7 in Long Blades
  2298 | D:3      | Found a sacrificial altar of Ru.
  2300 | D:3      | Found a shadowy altar of Dithmenos.
  2300 | D:3      | Found a white marble altar of Elyvilon.
  2308 | D:3      | Found a deep blue altar of Sif Muna.
  2310 | D:3      | Found a radiant altar of Vehumet.
  2536 | D:3      | Noticed a giant frog
  2545 | D:3      | Killed a giant frog
  2545 | D:3      | Reached skill level 8 in Long Blades
  2545 | D:3      | Reached XP level 6. HP: 40/51 MP: 5/5
  3162 | D:4      | Noticed Menkaure
  3168 | D:4      | Killed Menkaure
  3168 | D:4      | Reached skill level 9 in Long Blades
  3168 | D:4      | Reached XP level 7. HP: 30/57 MP: 6/6
  3309 | D:4      | Noticed Sigmund
  3325 | D:4      | Killed Sigmund
  3325 | D:4      | Reached skill level 10 in Long Blades
  3901 | D:5      | Entered Level 5 of the Dungeon
  4147 | D:5      | Reached skill level 11 in Long Blades
  4147 | D:5      | Reached XP level 8. HP: 64/64 MP: 7/7
  4695 | D:5      | Reached skill level 12 in Long Blades
  5300 | D:6      | Reached skill level 13 in Long Blades
  5340 | D:6      | Reached XP level 9. HP: 45/70 MP: 8/8
  5500 | D:6      | Found an iron altar of Okawaru.
  5944 | D:6      | Found a glowing silver altar of Zin.
  5945 | D:6      | Found an opulent altar of Gozag.
  6048 | D:7      | Reached skill level 14 in Long Blades
  6275 | D:7      | Found a staircase to the Ecumenical Temple.
  6347 | Temple   | Entered the Ecumenical Temple
  6954 | D:8      | Reached skill level 15 in Long Blades
  7331 | D:8      | Reached skill level 5 in Fighting
  7331 | D:8      | Reached skill level 5 in Armour
  7711 | D:8      | Reached XP level 10. HP: 54/83 MP: 9/9
  7911 | D:8      | Found a basalt altar of Yredelemnul.
  7912 | D:8      | Found a stormy altar of Qazlal.
  7917 | D:8      | Became a worshipper of Qazlal Stormbringer
  8194 | D:9      | Noticed 4thArraOfDagon's ghost (experienced CeAE)
  8217 | D:9      | Killed 4thArraOfDagon's ghost
  9386 | D:10     | Entered Level 10 of the Dungeon
  9386 | D:10     | Noticed a skeletal warrior
  9387 | D:10     | Noticed a skeletal warrior
  9668 | D:8      | Acquired Qazlal's first power
  9963 | D:9      | Killed a skeletal warrior
 10357 | D:10     | Noticed a hill giant
 10362 | D:10     | Noticed a manticore
 10377 | D:10     | Killed a hill giant
 10422 | D:10     | Killed a manticore
 10684 | D:10     | Found a staircase to the Lair.
 10692 | D:10     | Reached XP level 11. HP: 91/99 MP: 10/10
 10694 | D:10     | Found Qiwkoet's Jewellery Shop.
 10700 | D:10     | Bought an uncursed ring of poison resistance for 280 gold pieces
 10754 | D:10     | Reached skill level 10 in Armour
 10757 | D:10     | Reached skill level 10 in Fighting
 10962 | D:10     | Noticed a skeletal warrior
 11165 | D:9      | Killed a skeletal warrior
 11322 | D:10     | Killed a skeletal warrior
 11472 | D:10     | Noticed a skeletal warrior
 11473 | D:10     | Noticed a skeletal warrior
 11867 | D:9      | Killed a skeletal warrior
 12054 | D:9      | Killed a skeletal warrior
 12054 | D:9      | Acquired Qazlal's second power
 12445 | Lair:1   | Entered Level 1 of the Lair of Beasts
 12695 | Lair:1   | Noticed Joseph
 12707 | Lair:1   | Killed Joseph
 13226 | Lair:1   | Noticed Erica
 13240 | Lair:1   | Killed Erica
 13689 | Lair:1   | Noticed Nergalle
 13712 | Lair:1   | Noticed a spectral orc warlord
 13727 | Lair:1   | Killed Nergalle
 13727 | Lair:1   | Reached XP level 12. HP: 40/112 MP: 6/11
 14146 | Lair:2   | Noticed kae's ghost (powerful MiFi)
 14521 | Lair:1   | Reached skill level 1 in Invocations
 14602 | Lair:2   | Noticed an eight-headed hydra
 14625 | Lair:2   | Killed a three-headed hydra
 14632 | Lair:2   | Noticed Uberwunderbarhen's ghost (powerful DEFE)
 14850 | Lair:2   | Killed Uberwunderbarhen's ghost
 14850 | Lair:2   | Reached skill level 5 in Invocations
 15177 | Lair:2   | Killed kae's ghost
 15664 | Lair:2   | Acquired Qazlal's third power
 16130 | Lair:3   | Noticed Maud
 16148 | Lair:3   | Killed Maud
 16342 | Lair:3   | Found a staircase to the Swamp.
 17201 | Lair:4   | Reached skill level 10 in Invocations
 17482 | Lair:4   | Found a shimmering altar of Xom.
 17499 | Lair:4   | Reached XP level 13. HP: 92/118 MP: 19/19
 18561 | Lair:5   | Acquired Qazlal's fourth power
 19102 | Lair:6   | Found a dark tunnel.
 19107 | Volcano  | Entered a volcano
 19875 | Lair:6   | Found a staircase to the Snake Pit.
 20102 | Lair:6   | Acquired Qazlal's fifth power
 20225 | Lair:7   | Noticed Rupert
 20235 | Lair:7   | Killed Rupert
 20419 | Lair:7   | Identified a scroll of acquirement
 21051 | Lair:7   | Found a staircase to the Slime Pits.
 21361 | Lair:7   | Reached XP level 14. HP: 96/126 MP: 23/23
 21891 | Lair:8   | Entered Level 8 of the Lair of Beasts
 22028 | Lair:8   | Reached skill level 15 in Invocations
 22786 | Lair:8   | Reached skill level 16 in Invocations
 24357 | D:11     | Noticed Maurice
 24364 | D:11     | Killed Maurice
 24417 | D:11     | Found a staircase to the Orcish Mines.
 24516 | D:11     | Found Igrogatt's Antique Armour Shop.
 24524 | D:11     | Bought a pair of embroidered boots for 139 gold pieces
 25093 | Orc:1    | Entered Level 1 of the Orcish Mines
 25114 | Orc:1    | Noticed Fannar
 25129 | Orc:1    | Killed Fannar
 25793 | Orc:2    | Reached XP level 15. HP: 132/132 MP: 26/26
 25898 | Orc:2    | Found a roughly hewn altar of Beogh.
 26458 | Orc:3    | Reached skill level 17 in Long Blades
 26617 | Orc:3    | Noticed Nessos
 26897 | Orc:3    | Killed Nessos
 27005 | Orc:3    | Found a deep blue altar of Sif Muna.
 27258 | Orc:4    | Entered Level 4 of the Orcish Mines
 27258 | Orc:4    | Noticed Josephine
 27266 | Orc:4    | Killed Josephine
 27639 | Orc:4    | Found a staircase to the Elven Halls.
 28585 | Orc:4    | Paralysed by an orc sorcerer for 5 turns
 28639 | Orc:4    | Reached skill level 18 in Long Blades
 28908 | Orc:4    | Found Uma Bov's Gadget Boutique.
 28909 | Orc:4    | Found Xedupt's Assorted Antiques.
 28910 | Orc:4    | Found Jaes Afodd's Magic Scroll Shop.
 28913 | Orc:4    | Found Jeadui's Magic Scroll Boutique.
 28917 | Orc:4    | Bought a scroll of identify for 32 gold pieces
 28917 | Orc:4    | Bought a scroll of identify for 32 gold pieces
 28917 | Orc:4    | Bought a scroll of identify for 32 gold pieces
 28917 | Orc:4    | Bought a scroll of identify for 32 gold pieces
 28917 | Orc:4    | Bought a scroll of identify for 32 gold pieces
 28919 | Orc:4    | Bought a fuming red potion for 21 gold pieces
 29212 | D:11     | Bought the -2 hat of the Alchemist {rElec rPois rF+ rC+ rN+ MR+ rMut rCorr} for 1463 gold pieces
 29289 | D:12     | Found a flagged portal.
 29335 | Bailey   | Entered a bailey
 29554 | Bailey   | Got a pair of faintly humming gloves
 29560 | Bailey   | Identified the +2 pair of gloves of Inference {rElec MP+9 Str-4 Dex+2} (You found it in a bailey)
 29901 | D:12     | Found a flickering gateway to a bazaar.
 31289 | D:13     | Reached skill level 19 in Long Blades
 31923 | D:13     | Found Fonirrix's Food Shop.
 32082 | D:13     | Found a gate to the Vaults.
 32145 | D:14     | Noticed Agnes
 32155 | D:13     | Killed Agnes
 32269 | D:14     | Noticed Kirke
 32311 | D:13     | Noticed a sphinx
 32508 | D:13     | Killed Kirke
 32717 | D:14     | Reached skill level 20 in Long Blades
 33130 | D:14     | Reached XP level 16. HP: 128/139 MP: 27/27
 33417 | D:14     | Noticed a sphinx
 33422 | D:14     | Killed a sphinx
 33425 | D:14     | Noticed a tengu reaver
 33448 | D:14     | Killed a tengu reaver
 34289 | Lair:1   | Gained mutation: You are partially covered in thin metallic scales (AC +2). [potion of beneficial mutation]
 34424 | D:15     | Entered Level 15 of the Dungeon
 34828 | D:15     | Noticed Louise
 34851 | D:15     | Killed Louise
 34953 | D:15     | Found an iron altar of Okawaru.
 34997 | D:15     | Reached skill level 15 in Armour
 35029 | D:15     | Found a bloodstained altar of Trog.
 35048 | D:15     | Found Raif Cul's Distillery.
 35072 | D:15     | Bought a potion of cancellation for 128 gold pieces
 35376 | D:15     | Found a staircase to the Depths.
 35837 | Snake:1  | Entered Level 1 of the Snake Pit
 36230 | Snake:1  | Reached skill level 15 in Fighting
 37273 | Snake:2  | Reached XP level 17. HP: 124/158 MP: 28/28
 38093 | Snake:2  | Reached skill level 21 in Long Blades
 38571 | Snake:2  | Noticed Vashnia
 38602 | Snake:2  | Killed Vashnia
 39322 | Snake:2  | Got a spiked plate armour
 39368 | Snake:1  | Identified the +4 plate armour "Rokoek" {rCorr Dex+3} (You found it on level 2 of the Snake Pit)
 40308 | Snake:2  | Reached skill level 22 in Long Blades
 40465 | Snake:3  | HP: 7/158 [greater naga (17)]
 40467 | Snake:3  | Killed from afar by a greater naga

Vault maps used:
D:1:      ldierk_water_garden
D:2:      hex_large
D:3:      minmay_overflow_temple_star_hex, first_bread
D:4:      uniq_menkaure, uniq_sigmund
D:5:      corexii_shack_village
D:6:      grunt_temple_overflow_gold_and_silver, basic_altar
D:7:      temple_pool_a
D:8:      gammafunk_temple_overflow_wave
D:10:     lair_0_dummy, serial_shops, shop
D:11:     hiddenorc2_lemuel, serial_shops, shop_statue, uniq_maurice
D:12:     enter_bailey_2, serial_shops, freezing_bzr, serial_column_ruins,
          column_ruins_hut_ruined, column_ruins_columns_straight,
          column_ruins_open_tiny, column_ruins_columns_T,
          column_ruins_open_tiny, column_ruins_columns_corner
D:13:     erik_vaults_1, serial_shops, nicolae_shop_behind_doors
D:14:     kennysheep_snake, hangedman_stone_soup, uniq_agnes, uniq_kirke
D:15:     grunt_enter_depths_snipers, hangedman_abyss_or_decor_passed,
          portal_ice_cave_entry_imps, basic_altar, serial_shops,
          nicolae_shop_window_shopping, trog_ov_bears_minmay, uniq_louise
Temple:   roderic_octagonal_lattice_temple
Lair:1:   hibernation_bobbens, uniq_joseph, uniq_erica, uniq_nergalle
Lair:3:   swamp_mist, uniq_maud
Lair:4:   basic_altar, serial_bayou_shore_b
Lair:5:   serial_bayou_lake_a, serial_bayou_shore_b
Lair:6:   kennysheep_rathole, minmay_snake_entry_guardpost_small,
          nicolae_volcano_entry_s_turn, bh_autumn_forest_stairs
Lair:7:   minmay_slime_entry_oklob_open, uniq_rupert
Lair:8:   grunt_lair_end_beastmaster, minivault_29
Snake:1:  st_stairs_10, grunt_megastairs_2
Snake:2:  serial_bayou, serial_bayou_crossing, serial_bayou_shore_a,
          serial_bayou_ford_a, serial_bayou_lagoon_a, uniq_vashnia
Orc:1:    nicolae_orc_bridge_out, uniq_fannar
Orc:2:    minmay_orc_temple_b
Orc:3:    nicolae_orc_accident_3, nicolae_orc_pool_cavern, led_sif_book,
          uniq_nessos
Orc:4:    st_orc_mages, minmay_orc_keep, uniq_josephine
Bailey:   bailey_axe_4, bailey
Volcano:  volcano_pools

Action                   |  1- 3 |  4- 6 |  7- 9 | 10-12 | 13-15 | 16-18 || total
-------------------------+-------+-------+-------+-------+-------+-------++-------
Melee: Long sword        |    97 |   131 |   307 |   448 |       |       ||   983
       Scimitar          |       |       |       |   302 |  1973 |    93 ||  2368
       Triple sword      |       |       |       |       |       |   644 ||   644
Throw: Throwing net      |       |       |       |       |     3 |       ||     3
Invok: Upheaval          |       |       |       |     1 |     4 |     9 ||    14
       Elemental Force   |       |       |       |       |     1 |       ||     1
       Disaster Area     |       |       |       |       |     1 |       ||     1
Evoke: Wand              |       |       |       |     5 |    11 |       ||    16
  Use: Potion            |     1 |     1 |     1 |     5 |     7 |     5 ||    20
       Scroll            |       |       |    18 |     6 |    17 |     5 ||    46
 Stab: Petrified         |       |       |       |       |     2 |       ||     2
       Distracted        |       |       |       |       |       |     1 ||     1
  Eat: Chunk             |       |     7 |    14 |    28 |    40 |    11 ||   100
       Fruit             |       |       |       |     2 |       |       ||     2
       Meat ration       |       |       |       |     1 |     2 |       ||     3
       Royal jelly       |       |       |       |       |     1 |       ||     1
       Bread ration      |       |       |       |       |       |     3 ||     3
       Pizza             |       |       |       |       |       |     1 ||     1
